 Dungeon Crawl Stone Soup version 0.19.0 (webtiles) character file.

147 Danakh the Skirmisher (level 5, -4/47 HPs)
             Began as a Minotaur Fighter on Nov 6, 2016.
             Was an Initiate of Okawaru.
             Slain by an ogre
             ... wielding a +0 giant club
              (16 damage)
             ... on level 4 of the Dungeon.
             The game lasted 00:05:49 (1912 turns).

Danakh the Skirmisher (Minotaur Fighter)            Turns: 1912, Time: 00:05:49

Health: -4/47      AC:  7    Str: 21    XL:     5   Next: 8%
Magic:  4/4        EV:  7    Int:  5    God:    Okawaru [......]
Gold:   170        SH:  9    Dex: 10    Spells: 0 memorised, 4 levels left

rFire  . . .     SeeInvis .     a - +0 war axe
rCold  . . .     Gourm    .     b - +0 scale mail
rNeg   . . .     Faith    .     c - +0 shield
rPois  .         Spirit   .     (helmet restricted)
rElec  .         Reflect  .     (no cloak)
rCorr  .         Harm     .     (no gloves)
MR     .....                    (no boots)
Stlth  ..........               (no amulet)
                                (no ring)
                                (no ring)

@: no status effects
A: retaliatory headbutt, horns 2
a: Renounce Religion


You were on level 4 of the Dungeon.
You worshipped Okawaru.
Okawaru was noncommittal.
You were hungry.

You visited 1 branch of the dungeon, and saw 4 of its levels.

You collected 170 gold pieces.

Inventory:

Hand Weapons
 a - a +0 war axe (weapon)
Armour
 b - a +0 scale mail (worn)
 c - a +0 shield (worn)
Wands
 o - a wand of disintegration (16/24)
Scrolls
 e - 3 scrolls of remove curse {unknown}
 g - a scroll of magic mapping {unknown}
 h - 5 scrolls of identify {unknown}
 i - 2 scrolls of blinking {unknown}
 j - 2 scrolls of random uselessness {unknown}
 l - a scroll of amnesia {unknown}
Potions
 d - a potion of might
 k - 2 potions of curing
 p - a potion of heal wounds {unknown}
 q - a potion of resistance {unknown}
Comestibles
 f - 3 bread rations
 m - a royal jelly
 n - a slice of pizza


   Skills:
 + Level 4.7 Fighting
 * Level 4.5 Axes
 + Level 4.1 Armour
 + Level 4.4 Shields


You had 4 spell levels left.
You didn't know any spells.

Dungeon Overview and Level Annotations

Branches:
Dungeon (4/15)
 Temple: D:4-7

Altars:
Ashenzari
Gozag
Nemelex Xobeh
Okawaru
Trog
Uskayaw


Innate Abilities, Weirdness & Mutations

You reflexively headbutt those who attack you in melee.
You have a pair of horns on your head.


Message History

The ogre barely misses you. You furiously retaliate!
You headbutt the ogre!
An ogre is nearby!
An ogre is nearby!
You block the ogre's attack. You block the ogre's attack.
You block the ogre's attack. You block the ogre's attack.
You block the ogre's attack. The ogre hits you but does no damage.
You block the ogre's attack. The ogre hits you with a giant club.
You block the ogre's attack. You block the ogre's attack.
You are feeling hungry.
The ogre hits you with a giant club! You block the ogre's attack.
The ogre hits you with a giant club!!
* * * LOW HITPOINT WARNING * * *
The ogre hits you with a giant club!
You die...

..# #.# #.#
#.# ##.##
.#####...
.......O# #
#@# .# #.# ..#
#.##...#
.######......#
.......<....##
#############


You could see an ogre.

Vanquished Creatures
  Terence (D:2)
  A hound skeleton (D:3)
  3 adders
  An ooze (D:1)
  3 worms
  2 dart slugs
  2 leopard geckos
  An orc (D:3)
  A ball python (D:2)
  6 giant cockroaches
  9 hobgoblins
  4 jackals (D:3)
  6 bats
  2 frilled lizards (D:1)
  3 goblins
  11 kobolds
  7 rats
63 creatures vanquished.

Notes
Turn   | Place    | Note
-------+----------+-------------------------------------------
     0 | D:1      | Danakh the Minotaur Fighter began the quest for the Orb.
     0 | D:1      | Reached XP level 1. HP: 19/19 MP: 0/0
   121 | D:1      | Reached XP level 2. HP: 27/27 MP: 1/1
   547 | D:2      | Found a hide-covered altar of Uskayaw.
   547 | D:2      | Noticed a dagger
   548 | D:2      | Noticed a dagger
   555 | D:2      | Became a worshipper of Uskayaw the Reveler
   558 | D:2      | Reached * piety under Uskayaw
   559 | D:2      | Reached XP level 3. HP: 21/33 MP: 2/2
   560 | D:2      | Reached ** piety under Uskayaw
   566 | D:2      | Found a bloodstained altar of Trog.
   569 | D:2      | HP: 1/33 [poisoned by a kobold]
   895 | D:2      | Noticed Terence
   901 | D:2      | Killed Terence
   901 | D:2      | Reached XP level 4. HP: 27/40 MP: 3/3
   902 | D:2      | Reached *** piety under Uskayaw
  1334 | D:3      | Found an iron altar of Okawaru.
  1350 | D:3      | Fell from the grace of Uskayaw
  1350 | D:3      | Became a worshipper of Warmaster Okawaru
  1686 | D:3      | Reached XP level 5. HP: 35/47 MP: 4/4
  1728 | D:3      | Found an iron altar of Okawaru.
  1737 | D:3      | Found a shattered altar of Ashenzari.
  1739 | D:3      | Found a sparkling altar of Nemelex Xobeh.
  1824 | D:3      | Found an opulent altar of Gozag.
  1890 | D:4      | Noticed an ogre
  1912 | D:4      | Slain by an ogre

Skill      XL: |  1  2  3  4 |
---------------+-------------+-----
Axes           | 3 4 |  4.5
Fighting       | 4 |  4.7
Shields        | 4 |  4.4
Armour         | 4 |  4.1

Action                   |  1- 3 |  4- 6 || total
-------------------------+-------+-------++-------
Melee: War axe           |    84 |    77 ||   161
       Headbutt          |    12 |    13 ||    25
  Use: Potion            |     1 |       ||     1
 Stab: Paralysed         |       |     2 ||     2
  Eat: Chunk             |       |     3 ||     3
Armor: Scale mail        |    38 |    36 ||    74
Dodge: Dodged            |    36 |    22 ||    58
Block: Shield            |    49 |    42 ||    91
